 Dungeon Crawl Stone Soup version 0.29.1-1-gd02db6906a (webtiles) character file.

Game seed: 2193405263137432765

224 leavemydog the Conjurer (level 5, -10/28 HPs)
             Began as a Deep Elf Conjurer on Sept 20, 2022.
             Mangled by Edmund
             ... wielding a +1 dire flail of protection
              (14 damage)
             ... on level 4 of the Dungeon.
             The game lasted 00:03:01 (2971 turns).

leavemydog the Conjurer (Deep Elf Conjurer)         Turns: 2971, Time: 00:03:03

Health: -10/28     AC:  2    Str:  4    XL:     5   Next: 67%
Magic:  2/14       EV: 12    Int: 25    God:
Gold:   152        SH:  0    Dex: 13    Spells: 6/13 levels left

rFire   . . .      SeeInvis .   e - +0 short sword
rCold   . . .      Faith    .   (no shield)
rNeg    . . .      Spirit   .   a - +0 robe
rPois   .          Reflect  .   (no helmet)
rElec   .          Harm     .   (no cloak)
rCorr   .          Rampage  .   (no gloves)
Will    .....                   (no boots)
Stlth   ++........              (no amulet)
HPRegen 0.09/turn               (no ring)
MPRegen 0.14/turn               (no ring)

@: no status effects
A: no striking features
a: no special abilities


You were on level 4 of the Dungeon.
You visited 1 branch of the dungeon, and saw 4 of its levels.

You collected 152 gold pieces.

Inventory:

Hand Weapons
 e - a +0 short sword (weapon)
Armour
 a - a +0 robe (worn)
 i - the +1 chain mail of the Gusle {rN+ Int+4 Stlth+}
   (You found it on level 2 of the Dungeon)

   Int:       It affects your intelligence (+4).
   rN:        It protects you from negative energy.
   Stlth:     It makes you more stealthy.
Scrolls
 d - 2 scrolls of fear {unknown}
 f - 2 scrolls of noise {unknown}
 g - a scroll of enchant armour {unknown}
 j - 2 scrolls of teleportation {unknown}
 l - 2 scrolls of identify {unknown}
 p - a scroll of fog {unknown}
Potions
 b - a potion of magic
 c - a potion of lignification {unknown}
 h - a potion of ambrosia {unknown}
 k - a potion of heal wounds {unknown}
 m - a potion of curing {unknown}
 n - a potion of attraction {unknown}
 o - a potion of haste {unknown}
 q - 2 potions of brilliance {unknown}
 r - a potion of degeneration {unknown}


   Skills:
 - Level 2.4 Dodging
 - Level 2.4 Stealth
 + Level 4.9 Spellcasting
 + Level 6.6 Conjurations
 * Level 1.7 Translocations


You had 6 spell levels left.
You knew the following spells:

 Your Spells              Type           Power      Damage    Failure   Level
a - Magic Dart            Conj           100%       1d8       1%          1
b - Searing Ray           Conj           78%        2d7       1%          2
c - Iskenderun's Mystic   Conj/Tloc      27%        2d7       16%         4

Your spell library contained the following spells:

 Spells                   Type           Power      Damage    Failure   Level
 Conjure Flame            Conj/Fire      22%        6-21      6%          3
 Dazzling Flash           Conj/Hex       44%        N/A       6%          3
 Fulminant Prism          Conj/Hex       11%        3d9       22%         4
 Sticky Flame             Conj/Fire      22%        2d4       22%         4
 Ignite Poison            Fire/Tmut/Pois 6%         N/A       26%         3
 Alistair's Intoxication  Tmut/Pois      4%         N/A       93%         5
 Borgnjor's Vile Clutch   Necr/Erth      3%         N/A       93%         5
 Eringya's Noxious Bog    Tmut/Pois      3%         N/A       100%        6


Dungeon Overview and Level Annotations

Branches:
Dungeon (4/15)
 Temple: D:4-7

Altars:

Annotations:
D:4 Edmund


Message History

You kill the jackal!
The jackal barely misses you. The jackal bites you.
The magic dart hits the jackal.
The jackal is almost dead.
The jackal closely misses you.
The magic dart hits the jackal.
You kill the jackal!
You can't see any susceptible monsters within range! (Use Z to cast anyway.)
A jelly comes into view.
A jelly is nearby!
A jelly is nearby!
The magic dart hits the jelly!
The jelly is heavily wounded.
The jelly quivers.
Edmund the Younger comes into view.
He is wielding a +1 dire flail of protection and wearing a +1 chain mail of poison resistance.
The magic dart hits Edmund!
Edmund is lightly wounded.
The magic dart hits Edmund but does no damage.
Edmund is lightly wounded.
The magic dart hits Edmund but does no damage.
Edmund is lightly wounded.
The magic dart hits Edmund but does no damage.
Edmund is lightly wounded.
Casting: Magic Dart (safe; 1% risk of failure)
Confirm with . or Enter, or press ? or * to list all spells.
Aiming: Searing Ray (safe; 1% risk of failure)
Press: ? - help, Shift-Dir - straight line, f/p - Edmund
Aim: Edmund, wielding a +1 dire flail of protection and wearing a +1 chain mail of poison resistance (lightly wounded, 86% to hit)
The searing ray hits Edmund!
Edmund is moderately wounded. (Press . to maintain the ray.) Edmund hits you with a +1 dire flail of protection!
The searing ray hits Edmund but does no damage.
Edmund is moderately wounded.
The jelly jiggles.
The jelly hits you.
You are splashed with acid!
* * * LOW HITPOINT WARNING * * *
Edmund hits you with a +1 dire flail of protection!
Ouch! That really hurt!
You die...

# #. # .##### .#
..... .. ...###.###
......$.. #.J......
# #@# #.####@## #
##..<....##.#
#...........#
#.##.##..####...
##.##.##.........
.........########
##.##.##.########...
#. # #............


You could see Edmund and a jelly.

Vanquished Creatures
  A phantom (D:4)
  An orc priest (D:3)
  An iguana (D:4)
  3 gnolls (D:2)
  An adder (D:3)
  2 worms (D:2)
  2 dart slugs
  3 orcs (D:3)
  3 bats
  5 endoplasms
  2 giant cockroaches (D:1)
  3 goblins
  3 hobgoblins
  2 jackals (D:4)
  4 kobolds (D:1)
  2 quokkas (D:3)
  8 ball pythons
  3 frilled lizards
  2 rats
51 creatures vanquished.

Notes
Turn   | Place    | Note
-------+----------+-------------------------------------------
     0 | D:1      | leavemydog the Deep Elf Conjurer began the quest for the
                  | Orb.
     0 | D:1      | Reached XP level 1. HP: 10/10 MP: 6/6
   407 | D:1      | Reached XP level 2. HP: 10/15 MP: 0/8
   410 | D:1      | Learned a level 2 spell: Searing Ray
   545 | D:1      | Reached skill level 5 in Conjurations
   932 | D:2      | Reached XP level 3. HP: 19/19 MP: 7/9
   939 | D:2      | Identified the +1 chain mail of the Gusle {rN+ Int+4
                  | Stlth+}
  1494 | D:2      | Reached XP level 4. HP: 21/24 MP: 5/11
  1611 | D:2      | Found a faded altar of an unknown god.
  1778 | D:3      | Learned a level 4 spell: Iskenderun's Mystic Blast
  2145 | D:3      | Reached skill level 6 in Conjurations
  2811 | D:4      | Reached skill level 1 in Translocations
  2811 | D:4      | Reached XP level 5. HP: 28/28 MP: 7/13
  2860 | D:4      | Noticed a phantom
  2870 | D:4      | Killed a phantom
  2965 | D:4      | Noticed Edmund
  2971 | D:4      | Mangled by Edmund

Illustrated notes

Levels and vault maps discovered:
D:1:      dpeg_arrival_tiny_g, layout_basic
D:2:      layout_rooms, shapermc_ecumenical_altar_venn
D:3:      layout_basic, roderic_roman_lattice, grunt_ministairs_15
D:4:      layout_loops_ring, minmay_temple_entry_hall, grunt_decor_cap,
          minmay_fire_ice_demons, uniq_edmund

Skill      XL: |  1  2  3  4 |
---------------+-------------+-----
Conjurations   | 5 6 |  6.6
Spellcasting   | 4 |  4.9
Translocations | 1 |  1.7
Dodging        | |  2.4
Stealth        | |  2.4

Action                   |  1- 3 |  4- 6 || total
-------------------------+-------+-------++-------
 Cast: Magic Dart        |    64 |    46 ||   110
       Searing Ray       |     1 |     5 ||     6
Dodge: Dodged            |     5 |     8 ||    13
